 Dungeon Crawl Stone Soup version 0.23.2 (webtiles) character file.

Game seed: 13590526057195274207

110 myga the Skirmisher (level 5, -1/36 HPs)
             Began as a Halfling Berserker on Apr 2, 2019.
             Was a Believer of Trog.
             Slain by an ogre
             ... wielding a +0 giant club
              (20 damage)
             ... on level 3 of the Dungeon.
             The game lasted 00:07:38 (931 turns).

myga the Skirmisher (Halfling Berserker)             Turns: 931, Time: 00:07:38

Health: -1/36      AC:  5    Str: 18    XL:     5   Next: 14%
Magic:  5/5        EV: 14    Int:  5    God:    Trog [**....]
Gold:   77         SH:  0    Dex: 15    Spells: 4/4 levels left

rFire    . . .     SeeInvis .   n - +1 dagger (vamp)
rCold    . . .     Gourm    .   (shield restricted)
rNeg     . . .     Faith    .   g - +0 ring mail
rPois    .         Spirit   .   (no helmet)
rElec    .         Reflect  .   (no cloak)
rCorr    +         Harm     .   (no gloves)
MR       .....                  (no boots)
Stlth    +.........             (no amulet)
HPRegen  0.12/turn              e - ring of resist corrosion
MPRegen  0.09/turn              (no ring)

@: lethally poisoned (-1 -> -6), berserk cooldown, starving, slowed, very slow
A: small, mutation resistance 1
a: Berserk, Trog's Hand, Renounce Religion


You were on level 3 of the Dungeon.
You worshipped Trog.
Trog was pleased with you.
You were starving.

You visited 1 branch of the dungeon, and saw 3 of its levels.

You collected 77 gold pieces.

Inventory:

Hand Weapons
 a - a +2 rapier of venom
 n - a +1 vampiric dagger (weapon)
 o - a cursed -2 dagger
 p - a +0 dagger
Missiles
 k - 16 stones (quivered)
 l - 30 sling bullets
 r - 13 bolts
Armour
 f - a +0 helmet
 g - a +0 ring mail (worn)
Jewellery
 e - a ring of resist corrosion (left hand)
Scrolls
 h - a scroll of enchant weapon {unknown}
 i - a scroll of random uselessness {unknown}
 j - a scroll of magic mapping {unknown}
Potions
 b - a potion of cancellation {unknown}
 q - a potion of haste {unknown}
Comestibles
 c - 2 rations
 d - 11 chunks of flesh


   Skills:
 + Level 3.4 Fighting
 + Level 1.1(2.8) Short Blades
   Level 3.3(3.4) Long Blades
 + Level 1.2 Throwing
 + Level 3.2 Armour
 + Level 2.8 Dodging
 + Level 0.3 Stealth


You had 4 spell levels left.
You didn't know any spells.
Your spell library was empty.

Dungeon Overview and Level Annotations

Branches:
Dungeon (2/15)

Altars:


Innate Abilities, Weirdness & Mutations

You are small and have problems with some larger weapons.
You are somewhat resistant to further mutation.


Message History

You feel sick.
The orc throws a tomahawk.
The tomahawk misses you.
A worm and a giant cockroach come into view.
You are no longer berserk.
You are exhausted.
You feel yourself slow down. The ogre closely misses you.
A gnoll comes into view. It is wielding a +0 halberd.
The orc hits you with a +0 flail.
Things that are here:
a bat corpse; an adder corpse You feel sick.
You see here a frilled lizard skeleton.
Okay, then.
Okay, then.
Okay, then.
You hit the ogre but do no damage.
You feel sick. The ogre misses you.
Okay, then.
You hit the ogre but do no damage.
You feel sick.
The ogre hits you with a +0 giant club!!
Ouch! That really hurt!
You die...

.........#...###.#####
#####...#####..)))...#
##.## #.##)###.# #.#
#.##.# #.# #....# #+#
#..#.# #....###.#
#........# ##
####.@##### .. #
#(....Oo###.#.### .
+.#####gg........ # #
#.w..###... #...#.#
#.....# #.#...S #+#
...s.##. #.# ..###.#
..


You could see an ogre, a worm, a gnoll, an orc and a goblin.

Vanquished Creatures
  An orc wizard (D:3)
  2 gnolls
  2 adders (D:3)
  A worm (D:3)
  2 dart slugs (D:1)
  A leopard gecko (D:1)
  5 orcs (D:3)
  A ball python (D:1)
  2 giant cockroaches (D:1)
  4 goblins
  2 hobgoblins
  3 bats
  4 frilled lizards
  2 kobolds (D:3)
  4 rats
36 creatures vanquished.

Notes
Turn   | Place    | Note
-------+----------+-------------------------------------------
     0 | D:1      | myga the Halfling Berserker began the quest for the Orb.
     0 | D:1      | Reached XP level 1. HP: 15/15 MP: 1/1
   135 | D:1      | Reached XP level 2. HP: 15/20 MP: 2/2
   425 | D:1      | Reached XP level 3. HP: 18/26 MP: 3/3
   561 | D:2      | You fall through a shaft!
   684 | D:3      | Reached ** piety under Trog
   783 | D:3      | Reached XP level 4. HP: 31/31 MP: 4/4
   798 | D:3      | Reached skill level 1 in Throwing
   809 | D:3      | Noticed a phantom
   818 | D:3      | Reached XP level 5. HP: 31/36 MP: 5/5
   905 | D:3      | Noticed an ogre
   925 | D:3      | Reached skill level 1 in Short Blades
   931 | D:3      | Slain by an ogre

Skill      XL: |  1  2  3  4  5 |
---------------+----------------+-----
Fighting       | 3 |  3.4
Armour         | 3 |  3.2
Throwing       | 1 |  1.2
Short Blades   | 1 |  1.1
Long Blades    | |  3.3
Dodging        | |  2.8
Stealth        | |  0.3

Action                   |  1- 3 |  4- 6 || total
-------------------------+-------+-------++-------
Melee: Falchion          |    33 |       ||    33
       Dagger            |    57 |    67 ||   124
Throw: Stone             |    36 |    11 ||    47
Invok: Berserk           |       |     2 ||     2
  Eat: Ration            |     1 |       ||     1
       Chunk             |     1 |       ||     1
Armor: Animal skin       |     7 |       ||     7
       Ring mail         |    18 |    12 ||    30
Dodge: Dodged            |    50 |    45 ||    95
       Rpst.: Falchion   |    10 |       ||    10
